 Dungeon Crawl Stone Soup version 0.29.1-1-gd02db6906a (webtiles) character file.

Game seed: 9855232950397586764

157 byup the Sneak (level 5, -1/30 (41) HPs)
             Began as a Gnoll Wanderer on Oct 12, 2022.
             Was an Initiate of Gozag.
             Slain by Edmund
             ... wielding a +2 dire flail of draining
              (8 damage)
             ... on level 4 of the Dungeon.
             The game lasted 00:30:35 (2851 turns).

byup the Sneak (Gnoll Wanderer)                     Turns: 2851, Time: 00:30:35

HP:   -1/30 (41)    AC: 12    Str: 11    XL:     5   Next: 38%
MP:   9/9           EV:  8    Int: 16    God:    Gozag
Gold: 358           SH:  0    Dex: 17    Spells: 9/10 levels left

rFire   . . .      SeeInvis .   f - +2 dire flail of the Enchanting Genius {flame, Int+4}
rCold   . . .      Faith    .   (shield currently unavailable)
rNeg    . . .      Spirit   .   r - +1 plate armour
rPois   .          Reflect  .   (no helmet)
rElec   .          Harm     .   b - +0 cloak
rCorr   .          Rampage  .   (no gloves)
Will    .....                   (no boots)
Stlth   ..........              (no amulet)
HPRegen 0.10/turn               s - +6 ring of dexterity
MPRegen 0.11/turn               c - +4 ring of evasion

@: very heavily drained
A: fangs 1, strong nose, distributed training, weak 1, wild magic 1, sturdy
frame 1
a: Renounce Religion, Potion Petition, Call Merchant, Bribe Branch


You were on level 4 of the Dungeon.
You worshipped Gozag.
Gozag was aware of your devotion.
You visited 1 branch of the dungeon, and saw 4 of its levels.

You collected 618 gold pieces.
You paid 260 gold pieces to Gozag.

Inventory:

Hand Weapons
 a - a +1 trident
 f - the +2 dire flail of the Enchanting Genius (weapon) {flame, Int+4}
   (You found it on level 4 of the Dungeon)

   It burns those it strikes, dealing additional fire damage.
   Int:       It affects your intelligence (+4).
Missiles
 l - 2 stones (quivered)
Armour
 b - a +0 cloak (worn)
 r - a +1 plate armour (worn)
Jewellery
 c - a +4 ring of evasion (right hand)
 s - a +6 ring of dexterity (left hand)
Scrolls
 d - a scroll of amnesia {unknown}
 i - a scroll of teleportation
 o - a scroll of noise {unknown}
 t - 2 scrolls of vulnerability
 u - a scroll of poison {unknown}
Potions
 e - 2 potions of heal wounds {unknown}
 g - a potion of lignification {unknown}
 h - a potion of degeneration {unknown}
 j - 2 potions of flight {unknown}
 k - a potion of berserk rage {unknown}
 n - a potion of attraction {unknown}


   Skills:
 + Level 3.0 Fighting
 + Level 1.5 Short Blades
 + Level 1.5 Long Blades
 + Level 1.5 Axes
 + Level 1.5 Maces & Flails
 + Level 4.8 Polearms
 + Level 1.5 Staves
 + Level 1.5 Ranged Weapons
 + Level 1.5 Throwing
 + Level 1.5 Armour
 + Level 3.0 Dodging
 + Level 6.1 Stealth
 + Level 1.5 Shields
 + Level 1.5 Unarmed Combat
 + Level 3.2 Spellcasting
 + Level 1.2 Conjurations
 + Level 1.2 Hexes
 + Level 1.2 Summonings
 + Level 1.2 Necromancy
 + Level 1.2 Translocations
 + Level 1.2 Transmutations
 + Level 2.4 Fire Magic
 + Level 1.2 Ice Magic
 + Level 1.2 Air Magic
 + Level 1.2 Earth Magic
 + Level 1.2 Poison Magic
 + Level 1.7 Invocations
 + Level 3.0 Evocations


You had 9 spell levels left.
You knew the following spells:

 Your Spells              Type           Power      Damage    Failure   Level
a - Foxfire               Conj/Fire      44%        2x1d6     100%        1

Your spell library contained the following spells:

 Spells                   Type           Power      Damage    Failure   Level
 Ensorcelled Hibernation  Hex/Ice        16%        N/A       100%        2
 Passwall                 Tmut/Erth      6%         N/A       100%        2
 Conjure Flame            Conj/Fire      11%        6-21      100%        3
 Swiftness                Air            8%         N/A       100%        3


Dungeon Overview and Level Annotations

Branches:
Dungeon (4/15)             Temple (0/1) D:4

Altars:
Gozag

Annotations:
D:3 Sigmund
D:4 Edmund


Innate Abilities, Weirdness & Mutations

You have very sharp teeth.
Your uncanny sense of smell can sniff out nearby items.
Your experience applies equally to all skills.
You are weak. (Str -2)
Your spells are a little harder to cast, but a little more powerful.
Your movements are slightly less encumbered by armour. (ER -2)


Message History

Edmund is moderately wounded.
Edmund hits you but does no damage.
You feel drained.
You barely miss Edmund. You bite Edmund, but do no damage.
Edmund is moderately wounded.
Edmund hits you with a +2 dire flail of draining.
You feel drained.
You closely miss Edmund.
Edmund is moderately wounded.
Edmund hits you but does no damage.
You feel drained.
Edmund hits you with a +2 dire flail of draining!
You feel drained.
You closely miss Edmund.
Edmund is moderately wounded.
Edmund barely misses you.
You puncture Edmund! You burn Edmund. Your bite misses Edmund.
Edmund is severely wounded.
Edmund closely misses you.
You barely miss Edmund. Your bite misses Edmund.
Edmund is heavily wounded.
Edmund hits you but does no damage.
You feel drained.
You closely miss Edmund. You bite Edmund, but do no damage.
Edmund is heavily wounded.
Edmund barely misses you.
You hit Edmund but do no damage.
Edmund is heavily wounded.
Edmund hits you with a +2 dire flail of draining.
You feel drained.
Edmund hits you with a +2 dire flail of draining.
You feel drained.
You hit Edmund. You burn Edmund. You bite Edmund, but do no damage.
Edmund is severely wounded.
Edmund hits you with a +2 dire flail of draining!
* * * LOW HITPOINT WARNING * * *
You feel drained.
* * * LOW HITPOINT WARNING * * *
As you read the scroll labelled KIN GIUBLICVUINUSCH, it crumbles to dust.
You feel aware of your surroundings.
It was a scroll of magic mapping.
Edmund hits you with a +2 dire flail of draining!
You die...
Your body crumbles into a pile of gold.

*,* *** **,,,** *,* *,*
**.#* *#+** *,* *,*
**,..#*##.#### *,* *,*
**,,...##.....# *,*
*,***,,,....#.....####***,*
*,,,,,,,......)......,,,,,*
*****,,,>.........#********
**,$,,,*#.@...#
**,,,**##.@###
*#.#####..####
#.........[.# #######.###.#
#.# *.#*
##############.###..#
#.........##~~.~~##.#
##.#######..#≈~#≈~≈.##
.........#~~≈≈≈≈~~≈≈~#####


You could see Edmund.

Vanquished Creatures
  Natasha (D:2)
  3 adders
  4 worms
  12 dart slugs
  4 endoplasms
  6 giant cockroaches
  5 goblins
  9 hobgoblins
  A jackal (D:1)
  5 kobolds
  A quokka (D:2)
  5 ball pythons
  5 bats
  5 frilled lizards
  5 rats
71 creatures vanquished.

Vanquished Creatures (others)
  2 foxfires (D:1)
2 creatures vanquished.

Grand Total: 73 creatures vanquished

Notes
Turn   | Place    | Note
-------+----------+-------------------------------------------
     0 | D:1      | byup the Gnoll Wanderer began the quest for the Orb.
     0 | D:1      | byup set off with the following items: a +0 trident, a +0
                  | cloak, a potion of curing, a +0 robe; and the following
                  | spell memorised: Foxfire; and the following spells
                  | available to memorise: Conjure Flame.
     0 | D:1      | Reached XP level 1. HP: 17/17 MP: 4/4
    84 | D:1      | Found a faded altar of an unknown god.
    94 | D:1      | Prayed at the altar of an unknown god.
    94 | D:1      | Became a worshipper of Gozag Ym Sagoz the Greedy
   160 | D:1      | Gained mutation: You are weak. (Str -2) [potion of
                  | mutation]
   160 | D:1      | Gained mutation: Your movements are slightly less
                  | encumbered by armour. (ER -2) [potion of mutation]
   160 | D:1      | Gained mutation: Your spells are a little harder to cast,
                  | but a little more powerful. [potion of mutation]
   231 | D:1      | Reached XP level 2. HP: 18/23 MP: 2/5
   807 | D:2      | Reached XP level 3. HP: 20/28 MP: 7/7
   913 | D:2      | Reached skill level 6 in Stealth
   913 | D:2      | Reached skill level 1 in Invocations
  1023 | D:2      | Reached skill level 1 in Short Blades
  1023 | D:2      | Reached skill level 1 in Long Blades
  1023 | D:2      | Reached skill level 1 in Axes
  1023 | D:2      | Reached skill level 1 in Maces & Flails
  1023 | D:2      | Reached skill level 1 in Staves
  1023 | D:2      | Reached skill level 1 in Ranged Weapons
  1023 | D:2      | Reached skill level 1 in Throwing
  1023 | D:2      | Reached skill level 1 in Armour
  1023 | D:2      | Reached skill level 1 in Shields
  1023 | D:2      | Reached skill level 1 in Unarmed Combat
  1148 | D:2      | Reached XP level 4. HP: 19/34 MP: 8/8
  1158 | D:2      | Noticed Natasha
  1169 | D:2      | Killed Natasha
  1170 | D:2      | Reached skill level 1 in Conjurations
  1170 | D:2      | Reached skill level 1 in Hexes
  1170 | D:2      | Reached skill level 1 in Summonings
  1170 | D:2      | Reached skill level 1 in Necromancy
  1170 | D:2      | Reached skill level 1 in Translocations
  1170 | D:2      | Reached skill level 1 in Transmutations
  1170 | D:2      | Reached skill level 1 in Ice Magic
  1170 | D:2      | Reached skill level 1 in Air Magic
  1170 | D:2      | Reached skill level 1 in Earth Magic
  1170 | D:2      | Reached skill level 1 in Poison Magic
  1691 | D:3      | Noticed Sigmund
  2132 | D:3      | Reached XP level 5. HP: 37/40 MP: 9/9
  2531 | D:4      | Identified the +2 dire flail of the Enchanting Genius
                  | {flame, Int+4}
  2834 | D:4      | Noticed Edmund
  2851 | D:4      | Slain by Edmund

Illustrated notes

Levels and vault maps discovered:
D:1:      zaba_arrival_water, layout_rooms, basic_ecumenical_altar,
          minmay_split_cup_small
D:2:      layout_basic, uniq_natasha
D:3:      layout_basic, palyth_stone_intersect, kennysheep_generic_room_8,
          uniq_sigmund
D:4:      kennysheep_slugbush, layout_loops_corners,
          minmay_temple_entry_antechambers, uniq_edmund

Skill      XL: |  1  2  3  4  5 |
---------------+----------------+-----
Fire Magic     | 2 |  2.4
Stealth        | 6 |  6.1
Invocations    | 1 |  1.7
Short Blades   | 1 |  1.5
Long Blades    | 1 |  1.5
Axes           | 1 |  1.5
Maces & Flails | 1 |  1.5
Staves         | 1 |  1.5
Ranged Weapons | 1 |  1.5
Throwing       | 1 |  1.5
Armour         | 1 |  1.5
Shields        | 1 |  1.5
Unarmed Combat | 1 |  1.5
Spellcasting   | 3 |  3.2
Conjurations   | 1 |  1.2
Hexes          | 1 |  1.2
Summonings     | 1 |  1.2
Necromancy     | 1 |  1.2
Translocations | 1 |  1.2
Transmutations | 1 |  1.2
Ice Magic      | 1 |  1.2
Air Magic      | 1 |  1.2
Earth Magic    | 1 |  1.2
Poison Magic   | 1 |  1.2
Fighting       | 3 |  3.0
Dodging        | 3 |  3.0
Evocations     | 3 |  3.0
Polearms       | |  4.8

Action                   |  1- 3 |  4- 6 || total
-------------------------+-------+-------++-------
Melee: Trident           |   138 |   120 ||   258
       Bite              |    15 |    15 ||    30
       Punch             |     2 |     3 ||     5
       Dire flail        |       |    24 ||    24
Throw: Dart              |     5 |     4 ||     9
       Stone             |    13 |     7 ||    20
 Cast: Foxfire           |     1 |       ||     1
Invok: Potion Petition   |       |     1 ||     1
  Use: Scroll            |     5 |     6 ||    11
       Potion            |     2 |     6 ||     8
 Stab: Invisible         |       |     3 ||     3
       Distracted        |       |     1 ||     1
Armor: Chain mail        |    93 |       ||    93
       Robe              |     6 |       ||     6
       Plate armour      |     6 |    96 ||   102
Dodge: Dodged            |    56 |    52 ||   108
